 Dungeon Crawl Stone Soup version 0.24.0-13-gcf9b319 (webtiles) character file.

Game seed: 3007137687635021597, levelgen mode: deterministic

17 Bronimir the Grasshopper (level 2, -3/24 HPs)
             Began as a Centaur Warper on Mar 27, 2020.
             Slain by an adder (4 damage)
             ... on level 2 of the Dungeon.
             The game lasted 00:02:04 (1236 turns).

Bronimir the Grasshopper (Centaur Warper)           Turns: 1236, Time: 00:02:05

Health: -3/24      AC:  4    Str: 13    XL:     2   Next: 44%
Magic:  5/5        EV:  9    Int: 12    God:
Gold:   59         SH:  0    Dex:  8    Spells: 1/5 levels left

rFire    . . .     SeeInvis .   a - +0 spear
rCold    . . .     Gourm    .   (no shield)
rNeg     . . .     Faith    .   m - +0 leather armour
rPois    .         Spirit   .   (no helmet)
rElec    .         Reflect  .   (no cloak)
rCorr    .         Harm     .   (no gloves)
MR       .....                  (no barding)
Stlth    ..........             (no amulet)
HPRegen  0.08/turn              (no ring)
MPRegen  0.09/turn              (no ring)

@: lethally poisoned (-3 -> -8), very quick
A: large, hooves 3, deformed body, speed 2, tough skin 3
a: no special abilities


You were on level 2 of the Dungeon.
You were not hungry.

You visited 1 branch of the dungeon, and saw 3 of its levels.

You collected 59 gold pieces.

Inventory:

Hand Weapons
 a - a +0 spear (weapon)
 b - a +0 hunting sling
 k - a +0 hand axe
Missiles
 e - 7 stones (quivered)
 p - 28 arrows
Armour
 m - a +0 leather armour (worn)
Scrolls
 c - 2 scrolls of identify {unknown}
 d - 2 scrolls of blinking
 g - a scroll of teleportation {unknown}
 i - a scroll of noise {unknown}
 n - a scroll of enchant weapon {unknown}
 o - 2 scrolls of magic mapping {unknown}
Potions
 h - a potion of invisibility {unknown}
 j - a potion of resistance {unknown}
Comestibles
 f - 2 rations


   Skills:
 + Level 2.3 Fighting
 * Level 2.0 Polearms
 + Level 1.1 Throwing
 * Level 0.8 Armour
 + Level 1.4 Dodging
 * Level 2.0 Spellcasting
 * Level 2.6 Translocations


You had one spell level left.
You knew the following spells:

 Your Spells              Type           Power        Failure   Level  Hunger
a - Blink                 Tloc           N/A          17%         2    ###....
b - Shroud of Golubria    Chrm/Tloc      #.....       30%         2    ###....

Your spell library contained the following spells:

 Spells                   Type           Power        Failure   Level  Hunger
 Gell's Gravitas          Tloc           #.........   34%         3    ####...
 Lesser Beckoning         Tloc           #.........   34%         3    ####...
 Teleport Other           Tloc           #.......     34%         3    ####...
 Passage of Golubria      Tloc           N/A          75%         4    #####..


Dungeon Overview and Level Annotations

Branches:
Dungeon (3/15)

Altars:


Innate Abilities, Weirdness & Mutations

You have hooves in place of feet.
Armour fits poorly on your strangely shaped body.
You cover ground very quickly.
You have extremely tough skin. (AC +3)


Message History

You feel sick.
You feel sick.
You feel sick.
You feel sick.
You see here a kobold skeleton.
* * * LOW HITPOINT WARNING * * *
You feel sick.
There is a stone staircase leading down here.
The adder bites you but does no damage.
You climb downwards. 2 adders, 2 goblins and a hobgoblin come into view.
* * * LOW HITPOINT WARNING * * *
You feel sick.
The goblin shouts!
The adder hisses angrily. x2; The hobgoblin shouts!
Found 3 scrolls labeled XIZO CUNGUPOSA.
Found a faded altar of an unknown god.
There is a stone staircase leading up here.
You climb upwards.
The adder bites you.
* * * LOW HITPOINT WARNING * * *
The adder bites you.
You die...

...##
##.#.##.#####..##.###...##
...##
##..........##.###.###.....
.##.###.###.##.##.##.#
#.......##
.###...####.##.##.##.#
#######.## .#
##.......##.......# #...#
.# #############...## #...#
.# ########......## #...#
.# #.....##S......#
#####...# .#
#.....##.@..l..###........
.#
#.........÷...............
.#
#.....##......####........
.#######.....##.#....#
#####...#
.#............#......#
#...#
.#.#####.####.####.###
#...# ...#####.####.####.#
#...# #<....##.##....†...#
##.## ...##.##.##)#.######
.#


You could see an adder and a frilled lizard.

Vanquished Creatures
  A leopard gecko (D:2)
  2 giant cockroaches (D:1)
  A goblin (D:1)
  2 hobgoblins
  3 bats (D:1)
  4 kobolds
  4 rats
17 creatures vanquished.

Notes
Turn   | Place    | Note
-------+----------+-------------------------------------------
     0 | D:1      | Bronimir the Centaur Warper began the quest for the Orb.
     0 | D:1      | Reached XP level 1. HP: 17/17 MP: 3/3
   421 | D:1      | Reached XP level 2. HP: 24/24 MP: 4/4
  1092 | D:2      | Learned a level 2 spell: Blink
  1095 | D:2      | Learned a level 2 spell: Shroud of Golubria
  1234 | D:3      | Found a faded altar of an unknown god.
  1236 | D:2      | HP: 1/24 [adder (5)]
  1236 | D:2      | Slain by an adder

Levels and vault maps discovered:
D:1:      lightli_molten_gateway, layout_loops_ring, serial_bayou_lagoon_a
D:2:      layout_loops_cross
D:3:      minmay_spotlight, layout_rooms, makhleb_altar_promises_db,
          fedhas_altar_1, gammafunk_ghost_smash,
          chequers_ecumenical_altar_simple, okawaru_metal_pillars_1_2

Skill      XL: |  1  2 |
---------------+-------+-----
Polearms       | 2 |  2.0
Spellcasting   | 2 |  2.0
Fighting       | |  2.3
Throwing       | |  1.1
Armour         | |  0.8
Dodging        | |  1.4
Translocations | |  2.6

Action                   || total
-------------------------++-------
Melee: Spear             ||    58
       Kick              ||     4
 Fire: Hunting sling     ||     2
Throw: Boomerang         ||     5
       Stone             ||     1
Armor: Leather armour    ||    18
Dodge: Dodged            ||    16
